 Dungeon Crawl Stone Soup version 0.28.0-53-g5a82cb258f (webtiles) character file.

Game seed: 16908449159095309254

98 nshep25 the Slasher (level 4, 0/28 HPs)
             Began as a Tengu Monk on July 18, 2022.
             Succumbed to an adder's poison
             ... on level 3 of the Dungeon.
             The game lasted 00:14:35 (2487 turns).

nshep25 the Slasher (Tengu Monk)                    Turns: 2487, Time: 00:14:35

Health: 0/28       AC:  3    Str: 11    XL:     4   Next: 71%
Magic:  5/5        EV: 13    Int: 11    God:
Gold:   192        SH:  0    Dex: 18    Spells: 3/3 levels left

rFire   x . .      SeeInvis .   a - +0 falchion
rCold   + . .      Faith    .   (no shield)
rNeg    . . .      Spirit   .   d - +0 leather armour
rPois   .          Reflect  .   (helmet restricted)
rElec   .          Harm     .   g - scarf {repulsion}
rCorr   .          Rampage  .   (no gloves)
Will    .....                   (boots unavailable)
Stlth   ++........              (no amulet)
HPRegen 0.09/turn               u - ring of ice
MPRegen 0.09/turn               (no ring)

@: lethally poisoned (0 -> -7), repel missiles
A: beak, talons 3
a: no special abilities


You were on level 3 of the Dungeon.
You visited 1 branch of the dungeon, and saw 3 of its levels.

You collected 264 gold pieces.
You spent 72 gold pieces at shops.

Inventory:

Hand Weapons
 a - a +0 falchion (weapon)
 f - a +0 club
 j - a +0 dagger of venom
 q - a +0 trident
 w - a +0 hunting sling
 x - a +0 falchion
Missiles
 c - 2 poisoned darts
 e - 35 stones
 h - 4 boomerangs (quivered)
 m - 24 bolts
 o - 21 arrows
Armour
 b - a +0 robe
 d - a +0 leather armour (worn)
 g - a scarf of repulsion (worn)
 l - a +0 leather armour
 n - a +0 leather armour
 r - a +0 cloak
 t - a +0 ring mail
Jewellery
 u - a ring of ice (left hand)
Scrolls
 k - 2 scrolls of fear
 y - a scroll of teleportation {unknown}
Potions
 i - a potion of magic
 p - a potion of might
 v - a potion of attraction


   Skills:
 + Level 3.3 Fighting
 + Level 4.3 Long Blades
 + Level 1.6 Armour
 + Level 3.9 Dodging
 + Level 2.6 Stealth


You had 3 spell levels left.
You didn't know any spells.
Your spell library contained the following spells:

 Spells                   Type           Power      Damage    Failure   Level
 Animate Skeleton         Necr           0%         N/A       43%         1
 Pain                     Necr           0%         1d4       43%         1
 Ensorcelled Hibernation  Hex/Ice        0%         N/A       56%         2
 Passwall                 Tmut/Erth      0%         N/A       56%         2
 Swiftness                Air            0%         N/A       80%         3
 Vampiric Draining        Necr           0%         2d6       80%         3
 Olgreb's Toxic Radiance  Pois           0%         N/A       99%         4
 Ozocubu's Refrigeration  Ice            0%         4d5       100%        7
 Ignition                 Fire           0%         3d3       100%        8


Dungeon Overview and Level Annotations

Branches:
Dungeon (3/15)

Altars:

Shops:
D:2 ?(!   D:3 (

Annotations:
D:3 Natasha


Innate Abilities, Weirdness & Mutations

You have a beak for a mouth.
You have claws for feet.


Message History

You miss the adder. The adder bites you.
You hit the adder but do no damage. You claw the adder.
The adder is lightly wounded.
The adder bites you but does no damage. The adder misses you.
You miss the adder. Your kick misses the adder. Your peck misses the adder.
The adder is lightly wounded.
The adder bites you but does no damage.
You miss the adder. Your kick misses the adder.
The adder is lightly wounded.
The adder closely misses you.
Natasha, Servant of Life and Death comes into view.
You hit the adder. Your kick misses the adder.
The adder is moderately wounded.
The adder bites you but does no damage. The adder barely misses you.
You hit the adder but do no damage. You claw the adder.
The adder is severely wounded.
The adder barely misses you.
Natasha stares at you and mumbles some strange words.
The magic dart hits you!
You closely miss the adder. You peck the adder.
The adder is severely wounded.
The adder closely misses you. The adder barely misses you. The adder bites you.
You are poisoned.
The adder poisons you!
You feel sick. Natasha casts a spell at you. The magic dart hits you!
* * * LOW HITPOINT WARNING * * *
You feel sick.
You feel sick. The adder closely misses you.
You feel sick.
You feel sick.
You are no longer poisoned.
Natasha extends her claws.
The adder bites you.
* * * LOW HITPOINT WARNING * * *
You are lethally poisoned!
The adder poisons you!
You die...

############ ...#
...........# ...#
##########.# ....#
.........#.##########..# #
########.#.#..........)# .#
......##.#.#...........##.#
......##.#................###
.........#......@.S.h).......
.........#....######..)......
.........#....# #..†......
......##.#....# #.........
......##.#....######.........
########................>....
..†..........................
##########....####...........
#### #....# #...........


You could see Natasha and an adder.

Vanquished Creatures
  Natasha (D:3)
  An adder (D:2)
  A worm (D:2)
  A dart slug (D:1)
  4 orcs
  7 ball pythons
  2 bats
  2 endoplasms
  4 giant cockroaches
  5 hobgoblins
  3 quokkas
  5 frilled lizards
  7 goblins
  4 kobolds
  4 rats
51 creatures vanquished.

Vanquished Creatures (others)
  4 toadstools (D:1)
4 creatures vanquished.

Grand Total: 55 creatures vanquished

Notes
Turn   | Place    | Note
-------+----------+-------------------------------------------
     0 | D:1      | nshep25 the Tengu Monk began the quest for the Orb.
     0 | D:1      | Reached XP level 1. HP: 14/14 MP: 2/2
   268 | D:1      | Reached XP level 2. HP: 19/19 MP: 3/3
   942 | D:1      | Found a faded altar of an unknown god.
   950 | D:1      | Reached XP level 3. HP: 19/23 MP: 4/4
  1203 | D:2      | Reached skill level 1 in Armour
  1210 | D:2      | Reached skill level 4 in Long Blades
  1429 | D:2      | Found Zogud's Magic Scroll Shop.
  1435 | D:2      | Bought a scroll of identify for 24 gold pieces
  1435 | D:2      | Bought a scroll of identify for 24 gold pieces
  1435 | D:2      | Bought a scroll of identify for 24 gold pieces
  1462 | D:2      | Found Firaru's Antique Weapon Shop.
  1592 | D:2      | Found Xajautir's Distillery.
  1604 | D:2      | Reached XP level 4. HP: 28/28 MP: 5/5
  1905 | D:3      | Found Wusujuf's Weapon Boutique.
  2330 | D:3      | Noticed Natasha
  2351 | D:3      | Killed Natasha
  2475 | D:3      | Noticed Natasha
  2487 | D:3      | Succumbed to an adder's poison

Illustrated notes

Levels and vault maps discovered:
D:1:      ldierk_walled_garden_2, layout_loops_ring,
          hellmonk_ecumenical_altar_inner_sanctum, minmay_tiny_reverse_x
D:2:      layout_basic, serial_shops, shop_coins, shop, nicolae_square_shop,
          minmay_circle_x
D:3:      layout_basic, serial_shops, nicolae_diamond_shop, uniq_natasha

Skill      XL: |  1  2  3 |
---------------+----------+-----
Armour         | 1 |  1.6
Long Blades    | 4 |  4.3
Fighting       | |  3.3
Dodging        | |  3.9
Stealth        | |  2.6

Action                   |  1- 3 |  4- 6 || total
-------------------------+-------+-------++-------
Melee: Falchion          |    80 |    35 ||   115
       Kick              |    16 |     8 ||    24
       Peck              |     7 |     5 ||    12
       Punch             |     1 |       ||     1
  Use: Scroll            |     3 |     1 ||     4
 Stab: Sleeping          |     7 |     3 ||    10
Armor: Leather armour    |    19 |     7 ||    26
Dodge: Dodged            |    48 |    29 ||    77
